 Dungeon Crawl Stone Soup version 0.31-a0-4-gefa6de2278 (webtiles) character file.

Game seed: 17187319462517346466

128 cheesebisquit the Grave Robber (level 5, -1/42 HPs)
             Began as a Ghoul Necromancer on May 4, 2023.
             Killed from afar by an orc wizard (9 damage)
             ... with a puff of flame
             ... on level 2 of the Dungeon.
             The game lasted 00:10:23 (3259 turns).

cheesebisquit the Grave Robber (Ghoul Necromancer)  Turns: 3259, Time: 00:10:23

Health: -1/42      AC:  2    Str: 12    XL:     5   Next: 11%
Magic:  3/6        EV: 12    Int: 12    God:
Gold:   184        SH:  0    Dex:  9    Spells: 2/7 levels left

rFire   . .          .
                       - Unarmed
rCold   + . .        (no shield)
rNeg    + + +        a - +0 robe
rPois   ∞            (no helmet)
rElec   .            (no cloak)
rCorr   .            (no gloves)
SInv    .            (no boots)
Will    .....        (no amulet)
Stlth   ++           (no ring)
HPRegen 0.00/turn    (no ring)
MPRegen 0.10/turn

%: no passive effects
@: inhibited regen
A: claws 1, cold resistance 1, negative energy resistance 3, inhibited
regeneration, torment resistance 2, devour on kill
a: no special abilities


You were on level 2 of the Dungeon.
You visited 1 branch of the dungeon, and saw 3 of its levels.

You collected 184 gold pieces.

Inventory:

Hand Weapons
 q - the +5 flail "Niupnije" {vamp, Drain rPois rF+++ rCorr}
   (You found it on level 3 of the Dungeon)

   rF:        It renders you almost immune to fire.
   rPois:     It protects you from poison.
   rCorr:     It protects you from acid and corrosion.
   Drain:     It drains your maximum health when unequipped.
Missiles
 e - 11 poisoned darts
Armour
 a - a +0 robe (worn)
 p - a +0 kite shield
Scrolls
 b - a scroll of silence {unknown}
 c - a scroll of immolation {unknown}
 g - 3 scrolls of identify {unknown}
 h - a scroll of vulnerability {unknown}
 i - a scroll of teleportation {unknown}
 k - a scroll of torment {unknown}
 n - a scroll of blinking {unknown}
 o - a scroll of noise {unknown}
Potions
 f - a potion of might {unknown}
 l - a potion of lignification {unknown}
 m - a potion of degeneration {unknown}


   Skills:
 + Level 2.5 Fighting
 - Level 1.7 Dodging
 + Level 2.7 Stealth
 * Level 3.8 Unarmed Combat
 - Level 1.7 Spellcasting
 - Level 4.0 Necromancy


You had 2 spell levels left.
You knew the following spells:

 Your Spells              Type           Power      Damage    Failure   Level
a - Necrotise             Necr           40%        1d6       5%          1
b - Kiss of Death         Conj/Necr      20%        2d7       12%         1
c - Vampiric Draining     Necr           10%        2d6       16%         3

Your spell library contained the following spells:

 Spells                   Type           Power      Damage    Failure   Level
 Animate Dead             Necr           10%        N/A       47%         4
 Dispel Undead            Necr           10%        3d9       47%         4
 Confusing Touch          Hex            1%         N/A       63%         3
 Agony                    Necr           10%        N/A       83%         5


Dungeon Overview and Level Annotations

Branches:
Dungeon (3/15)

Altars:
Cheibriados

Annotations:
D:2 Robin


Innate Abilities, Weirdness & Mutations

You are immune to poison.
You have sharp fingernails.
Your flesh is cold resistant. (rC+)
You are immune to negative energy. (rN+++)
You do not regenerate when monsters are visible.
You are immune to unholy pain and torment.
You thrive by killing the living.


Message History

* * * LOW HITPOINT WARNING * * *
You barely miss something. Something barely misses you.
You claw something!
You hear some strange, mumbled words.
A magic dart appears from out of thin air!
The magic dart hits you!
* * * LOW HITPOINT WARNING * * *
It was a potion of curing.
You feel better. Something hits you.
* * * LOW HITPOINT WARNING * * *
You feel better.
You hear some strange, mumbled words.
A puff of flame appears from out of thin air!
The puff of flame misses you.
You closely miss something.
You hear some strange, mumbled words.
You are confused.
Are you sure you want to stumble around while confused and next to your orc skeleton?
Okay, then.
You hear some strange, mumbled words.
A puff of flame appears from out of thin air!
The puff of flame hits you!
* * * LOW HITPOINT WARNING * * *
You feel better.
You hear some strange, mumbled words.
Something tries to affect you, but you resist.
Something hits you.
* * * LOW HITPOINT WARNING * * *
You climb upwards.
Your mindless puppets stay behind to rot.
Level annotation: Robin Reactivating autopickup.
There is a stone staircase leading down here.
There is an open door here.
Something hits you.
* * * LOW HITPOINT WARNING * * *
Deactivating autopickup; reactivate with Ctrl-A.
You hear some strange, mumbled words.
A puff of flame appears from out of thin air!
The puff of flame hits you!
You die...

####### ############# #.....#
#............ #####.....#
#######............
#.........####.....#............
#...........>{..................
##......#######.@<...............
....###...## #.....#....####.#..
##..##.....## #.....##.### #.#.#
....#.8...8.####.####....####.#.#
###..........###................#
#.....⌠......#####....#..##.###
##.............................
##.8...8.#........####........
#####.....##..............#.###.


There were no monsters in sight!

Vanquished Creatures
  An iron imp (D:3)
  An orc wizard (D:3)
  An adder (D:3)
  2 worms
  3 dart slugs
  7 orcs
  3 bats
  3 endoplasms
  A giant cockroach (D:1)
  10 goblins
  4 hobgoblins
  2 quokkas
  3 ball pythons
  A frilled lizard (D:2)
  2 kobolds
44 creatures vanquished.

Vanquished Creatures (collateral kills)
  A goblin (D:1)
  A kobold (D:3)
2 creatures vanquished.

Grand Total: 46 creatures vanquished

Notes
Turn   | Place    | Note
-------+----------+-------------------------------------------
     0 | D:1      | cheesebisquit the Ghoul Necromancer began the quest for the
                  | Orb.
     0 | D:1      | Reached XP level 1. HP: 14/14 MP: 2/2
   265 | D:1      | Reached skill level 1 in Unarmed Combat
   325 | D:1      | Reached XP level 2. HP: 18/22 MP: 0/3
   429 | D:1      | Reached skill level 1 in Fighting
  1346 | D:2      | Reached XP level 3. HP: 28/28 MP: 0/4
  1408 | D:2      | Noticed Robin
  2565 | D:3      | Learned a level 1 spell: Kiss of Death
  2569 | D:3      | Learned a level 3 spell: Vampiric Draining
  2698 | D:3      | Reached XP level 4. HP: 31/36 MP: 0/5
  3162 | D:3      | Identified the +5 flail "Niupnije" {vamp, Drain rPois rF+++
                  | rCorr}
  3187 | D:3      | Found a snail-covered altar of Cheibriados.
  3195 | D:3      | Reached XP level 5. HP: 33/42 MP: 6/6
  3259 | D:2      | Killed from afar by an orc wizard

Illustrated notes

Levels and vault maps discovered:
D:1:      co_arrival_square_in_a_square_in_a_square, layout_loops_ring,
          grunt_decor_arrowhead, hangedman_decor_opposing
D:2:      layout_basic, wad_floor_pattern_untrapped, uniq_robin
D:3:      layout_loops_cross, trog_book, chei_slow_surprise

Skill      XL: |  1  2  3 |
---------------+----------+-----
Unarmed Combat | 1 2 3 |  3.8
Fighting       | 1 2 |  2.5
Dodging        | |  1.7
Stealth        | |  2.7
Spellcasting   | |  1.7
Necromancy     | |  4.0

Action                     |  1- 3 |  4- 6 || total
---------------------------+-------+-------++-------
  Melee: Unarmed           |    61 |    27 ||    88
         Punch             |     1 |       ||     1
   Cast: Necrotise         |    82 |    19 ||   101
    Use: Potion            |       |     5 ||     5
 Armour: Robe              |    13 |     2 ||    15
  Dodge: Dodged            |    49 |    10 ||    59

Table legend: (Time is in decaauts)
 A = Elapsed time spent in this place.
 B = Non-inter-level travel time spent in this place.
 C = Inter-level travel time spent in this place.
 D = Time resting spent in this place.
 E = Time spent auto-exploring this place.
 F = Levels seen in this place.
 G = Mean time per level.
                   A        B        C        D        E       F      G
               +--------+--------+--------+--------+--------+-----+--------+
         Total |   3261 |   2969 |    292 |     29 |   2426 |   3 | 1087.0 |
       Dungeon |   3261 |   2969 |    292 |     29 |   2426 |   3 | 1087.0 |
               +--------+--------+--------+--------+--------+-----+--------+

Top non-repeatable levels by time:
     D:1: 1282 daAuts
     D:2: 1143 daAuts
     D:3: 835 daAuts
